[Event "January 9 Early 2024"]
[Site "https://www.chess.com"]
[Date "2024.01.11"]
[Round "5"]
[White "Csonka, Balazs"]
[Black "Demchenko, Anton"]
[Result "0-1"]
[Board "139"]
[TimeControl "180+1"]
[WhiteFideId "742910"]
[BlackFideId "4160258"]
[WhiteElo "2705"]
[BlackElo "2928"]
[WhiteTeam "HUN"]
[BlackTeam "SLO"]
[WhiteClock "0:00:01"]
[BlackClock "0:00:27"]

1. d4 Nf6 2. c4 d6 3. Nf3 Nc6 4. Nc3 e5 5. dxe5 dxe5 6. Qxd8+ Kxd8 7. Bg5 Be6 8. e3 Kc8 9. O-O-O Nd7 10. Nd2 f6 11. Bh4 a5 12. Nd5 Nb4 13. Nc3 Nc5 14. a3 Nc6 15. Nde4 Nxe4 16. Nxe4 a4 17. Kc2 Be7 18. Kc3 g5 19. Bg3 f5 20. Bd3 fxe4 21. Bxe4 Bf6 22. h4 g4 23. h5 Ra5 24. Bd5 Re8 25. h6 Rc5 26. Rh5 b5 27. Kc2 Bxd5 28. Rxd5 Rxc4+ 29. Kb1 b4 30. Rb5 b3 31. Rf5 Re6 32. f3 gxf3 33. gxf3 e4 34. fxe4 Rcxe4 35. Bf2 Rc4 0-1

[Event "January 9 Early 2024"]
[Site "https://www.chess.com"]
[Date "2024.01.11"]
[Round "5"]
[White "Timerkhanov, Alexander"]
[Black "Hejazipour, Mitra"]
[Result "1-0"]
[Board "140"]
[TimeControl "180+1"]
[WhiteFideId "24177938"]
[BlackFideId "12505951"]
[WhiteElo "2669"]
[BlackElo "2466"]
[WhiteTeam "RUS"]
[BlackTeam "FRA"]
[WhiteClock "0:00:30"]
[BlackClock "0:00:05"]

1. d4 Nf6 2. Bg5 Ne4 3. h4 d5 4. Nd2 Bf5 5. Nxe4 dxe4 6. e3 h6 7. Bf4 e6 8. g4 Bh7 9. Bg2 Bd6 10. Ne2 Nc6 11. Bxd6 Qxd6 12. c3 Ne7 13. Qc2 Qc6 14. Ng3 f5 15. g5 hxg5 16. hxg5 O-O-O 17. O-O-O Bg6 18. Rdg1 Qa6 19. Qb3 Nd5 20. Bf1 Qb6 21. Qxb6 Nxb6 22. Ne2 Nd5 23. c4 Ne7 24. Nf4 Kd7 25. c5 Bf7 26. Bc4 g6 27. b4 Rdg8 28. Kc2 c6 29. a4 Nc8 30. b5 cxb5 31. axb5 Ke7 32. Ra1 Re8 33. Kc3 e5 34. dxe5 Bxc4 35. Kxc4 Kf7 36. Rxh8 Rxh8 37. e6+ Kg7 38. Rd1 Rd8 39. Rd7+ 1-0

[Event "January 9 Early 2024"]
[Site "https://www.chess.com"]
[Date "2024.01.11"]
[Round "5"]
[White "Radibratovic, Predrag"]
[Black "Hambleton, Aman"]
[Result "0-1"]
[Board "141"]
[TimeControl "180+1"]
[WhiteFideId "902012"]
[BlackFideId "2606577"]
[WhiteElo "2515"]
[BlackElo "2762"]
[WhiteTeam "SRB"]
[BlackTeam "CAN"]
[WhiteClock "0:01:28"]
[BlackClock "0:00:03"]

1. d4 e5 2. dxe5 Nc6 3. Nf3 Qe7 4. c3 Nxe5 5. Nxe5 Qxe5 6. Nd2 Bc5 7. Nf3 Qe7 8. Bf4 Nf6 9. e3 d5 10. a4 a5 11. Be2 O-O 12. h3 c6 13. O-O Bf5 14. Bd3 Ne4 15. Bxe4 Bxe4 16. Nd4 Rfe8 17. Qg4 Kh8 18. Rfe1 Rad8 19. Nf5 Qf6 20. Nd4 h6 21. Rac1 Kh7 22. Bc7 Ra8 23. Bg3 Bb6 24. Bh4 Qd6 25. Bg3 Qe7 26. Nf5 Qf6 27. Nd4 Rac8 28. Bh4 Qd6 29. Bg3 Qe7 30. Bh4 f6 31. Bg3 Qf7 32. Nf5 h5 33. Nd6 hxg4 34. Nxf7 gxh3 35. gxh3 Bc5 36. Nd6 Bxd6 37. Bxd6 Kg6 38. Bg3 Rh8 39. h4 Kf5 40. c4 g5 41. cxd5 gxh4 42. Bf4 Rhg8+ 43. Kh2 cxd5 44. Rxc8 Rxc8 45. Kh3 d4 46. Rd1 d3 47. f3 Bxf3 48. Rxd3 Bg4+ 49. Kg2 Ke4 50. Rd4+ Kf5 51. Rd5+ Ke6 52. Rd2 Rc4 53. b3 Rb4 54. Rd4 Rxb3 55. Re4+ Kf5 56. Rd4 Rb2+ 57. Kg1 Bf3 58. Kf1 h3 59. Rd8 h2 60. Bxh2 Rxh2 61. Rd4 Be4 62. Rd5+ Bxd5 63. Kg1 Ra2 64. Kf1 Ke4 65. Ke1 Bf7 0-1

[Event "January 9 Early 2024"]
[Site "https://www.chess.com"]
[Date "2024.01.11"]
[Round "5"]
[White "Kiselev, Vitalii"]
[Black "Mortazavi, Ali"]
[Result "1-0"]
[Board "142"]
[TimeControl "180+1"]
[WhiteFideId "4194128"]
[BlackFideId "401323"]
[WhiteElo "2774"]
[BlackElo "2551"]
[WhiteTeam "FID"]
[BlackTeam "ENG"]
[WhiteClock "0:00:21"]
[BlackClock "0:00:07"]

1. e4 c6 2. Nf3 d5 3. d3 g6 4. Nbd2 Bg7 5. g3 e5 6. Bg2 Ne7 7. O-O O-O 8. c3 Nd7 9. Re1 a5 10. b3 Nc5 11. Ba3 Nxd3 12. Re3 Nf4 13. gxf4 exf4 14. Re1 Re8 15. Rc1 Bg4 16. Qc2 dxe4 17. Nxe4 Nd5 18. Rcd1 Bxf3 19. Bxf3 Qh4 20. c4 Nb4 21. Bxb4 axb4 22. Nd6 Rxe1+ 23. Rxe1 Bc3 24. Re8+ Rxe8 25. Nxe8 Qg5+ 26. Kf1 Qh4 27. Qe4 Qxh2 28. Nd6 Qh3+ 29. Bg2 Qd7 30. c5 Kg7 31. Ne8+ Kg8 32. Nd6 Kf8 33. Qxf4 Qe6 34. Qe4 Qxe4 35. Bxe4 Bd4 36. Nxb7 Ke7 37. Bxc6 1-0

[Event "January 9 Early 2024"]
[Site "https://www.chess.com"]
[Date "2024.01.11"]
[Round "5"]
[White "Salman, Ilhan Serhat"]
[Black "Sieciechowicz, Marcin"]
[Result "0-1"]
[Board "143"]
[TimeControl "180+1"]
[WhiteFideId "6361579"]
[BlackFideId "1130170"]
[WhiteElo "2497"]
[BlackElo "2687"]
[WhiteTeam "TUR"]
[BlackTeam "POL"]
[WhiteClock "0:00:21"]
[BlackClock "0:00:39"]

1. b3 e5 2. Bb2 Nc6 3. e3 d5 4. Bb5 Ne7 5. Bxe5 a6 6. Bxc6+ Nxc6 7. Bb2 Qg5 8. Qf3 Bg4 9. Qf4 Qxf4 10. exf4 O-O-O 11. d4 Bb4+ 12. c3 Bd6 13. f3 Rde8+ 14. Kf2 Bf5 15. Ne2 Bd3 16. Re1 Bxe2 17. Rxe2 Rxe2+ 18. Kxe2 Bxf4 19. g3 Re8+ 20. Kf1 Bg5 21. Na3 Kd7 22. Re1 Rxe1+ 23. Kxe1 Ne7 24. Ke2 Nf5 25. f4 Be7 26. Nc2 Nd6 27. Ne3 c6 28. c4 dxc4 29. Nxc4 Bf6 30. Ne5+ Ke6 31. Ke3 Kd5 32. Ba3 Bxe5 33. dxe5 Nf5+ 34. Kd3 h5 35. Bf8 g6 36. Bb4 c5 37. Be1 b5 38. h3 c4+ 39. bxc4+ bxc4+ 40. Ke2 Ke4 41. g4 hxg4 42. hxg4 Nd4+ 43. Kd2 Nf3+ 44. Ke2 Nxe1 45. f5 Nd3 46. e6 Nf4+ 47. Kd2 Nxe6 48. fxe6 fxe6 49. Kc3 Kd5 50. g5 Kc5 51. a4 a5 0-1

[Event "January 9 Early 2024"]
[Site "https://www.chess.com"]
[Date "2024.01.11"]
[Round "5"]
[White "Tarnowska, Aleksandra"]
[Black "Szyszylo, Rafal"]
[Result "0-1"]
[Board "144"]
[TimeControl "180+1"]
[WhiteFideId "1180967"]
[BlackFideId "1109626"]
[WhiteElo "2208"]
[BlackElo "2406"]
[WhiteTeam "POL"]
[BlackTeam "POL"]
[WhiteClock "0:00:01"]
[BlackClock "0:00:19"]

1. e4 d6 2. d4 Nf6 3. Nc3 g6 4. Be3 c6 5. Qd2 b5 6. f3 Nbd7 7. g4 Nb6 8. h4 h5 9. g5 Nfd7 10. f4 Bg7 11. f5 O-O 12. Nh3 d5 13. e5 Nc4 14. Bxc4 bxc4 15. f6 exf6 16. gxf6 Nxf6 17. exf6 Bxf6 18. Ng5 Bg4 19. Ne2 Re8 20. O-O Qe7 21. Rxf6 Qxf6 22. Rf1 Bf5 23. Nf4 Qe7 24. Re1 Qf6 25. c3 Rab8 26. Qf2 Rb7 27. Re2 Rbe7 28. Bd2 Bg4 29. Rxe7 Rxe7 30. Nf3 Bxf3 31. Qxf3 Qxh4 32. Ng2 Qg4 33. Qf2 Re2 34. Qf1 Rxd2 0-1

[Event "January 9 Early 2024"]
[Site "https://www.chess.com"]
[Date "2024.01.11"]
[Round "5"]
[White "Castellano, Christopher"]
[Black "Khegay, Yuliya"]
[Result "1/2-1/2"]
[Board "145"]
[TimeControl "180+1"]
[WhiteFideId "5203651"]
[BlackFideId "14205394"]
[WhiteElo "2380"]
[BlackElo "2199"]
[WhiteTeam "PHI"]
[BlackTeam "UZB"]
[WhiteClock "0:00:56"]
[BlackClock "0:00:06"]

1. d4 d5 2. Bf4 c5 3. e3 cxd4 4. exd4 Nc6 5. c3 Nf6 6. Bd3 Bg4 7. Qb3 Qd7 8. Nd2 e6 9. Ngf3 Bxf3 10. Nxf3 Bd6 11. Bxd6 Qxd6 12. O-O O-O 13. Rfe1 Rab8 14. a4 Rfc8 15. Ne5 Nd7 16. Nxd7 Qxd7 17. Re3 g6 18. h4 h5 19. Rae1 Qd8 20. Bxg6 fxg6 21. Rxe6 Kh7 22. R1e3 Rc7 23. Qc2 Rg7 24. Rg3 Qg8 25. Rd6 Re8 26. Rg5 Re1+ 27. Kh2 Qb8 28. Rxh5+ Kg8 29. Rxd5 Re6 30. Qb3 Rd7 31. g3 Rdxd6 32. Rg5 Kh7 33. d5 Rf6 34. dxc6 Rxf2+ 35. Kg1 Rdd2 36. Qxb7+ Qxb7 37. cxb7 Rxb2 38. b8=Q Rg2+ 39. Kf1 Rgf2+ 40. Ke1 Rfe2+ 41. Kd1 Red2+ 42. Kc1 Rdc2+ 43. Kd1 Rd2+ 44. Ke1 Re2+ 45. Kf1 Rf2+ 46. Kg1 Rg2+ 47. Kh1 Rh2+ 48. Kg1 Rhg2+ 1/2-1/2

[Event "January 9 Early 2024"]
[Site "https://www.chess.com"]
[Date "2024.01.11"]
[Round "5"]
[White "Korchmar, Vasiliy"]
[Black "Ibarra Jerez, Jose Carlos"]
[Result "1-0"]
[Board "146"]
[TimeControl "180+1"]
[WhiteFideId "24131750"]
[BlackFideId "2226332"]
[WhiteElo "2730"]
[BlackElo "2930"]
[WhiteTeam "RUS"]
[BlackTeam "ESP"]
[WhiteClock "0:00:07"]
[BlackClock "0:00:13"]

1. e4 c5 2. d4 cxd4 3. Qxd4 d6 4. Nc3 a6 5. Nf3 Nc6 6. Qd3 g6 7. Be2 Bg7 8. O-O Nf6 9. Nd5 O-O 10. c3 Nd7 11. Bg5 h6 12. Bh4 g5 13. Bg3 e6 14. Nb4 Nxb4 15. cxb4 Bxb2 16. Bxd6 Bxa1 17. Rxa1 Re8 18. e5 Nf8 19. Rd1 Ng6 20. Qe3 Bd7 21. h4 g4 22. Nh2 h5 23. Qh6 Ba4 24. Rd4 Rc8 25. Bxg4 Qb6 26. Nf3 Bd1 27. Bxh5 Rc1 28. Bxg6 Bxf3+ 29. Kh2 fxg6 30. Qxg6+ Kh8 31. Qxe8+ Kg7 32. Bf8+ Kh7 33. Rd7+ 1-0

[Event "January 9 Early 2024"]
[Site "https://www.chess.com"]
[Date "2024.01.11"]
[Round "5"]
[White "Kashtanov, Ruslan"]
[Black "Piesik, Piotr"]
[Result "1-0"]
[Board "147"]
[TimeControl "180+1"]
[WhiteFideId "4124871"]
[BlackFideId "1136194"]
[WhiteElo "2506"]
[BlackElo "2660"]
[WhiteTeam "RUS"]
[BlackTeam "CZE"]
[WhiteClock "0:00:17"]
[BlackClock "0:01:10"]

1. e4 g6 2. d4 Bg7 3. Nc3 c6 4. Nf3 d6 5. h3 Nf6 6. Be3 O-O 7. Qd2 b5 8. Bd3 b4 9. Ne2 a5 10. Bh6 Ba6 11. Bxg7 Kxg7 12. Ng3 Bxd3 13. cxd3 Nbd7 14. Rc1 Rc8 15. Qg5 Kh8 16. Qh6 Ng8 17. Qh4 e5 18. Qxd8 Rfxd8 19. Ke2 Kg7 20. dxe5 Nxe5 21. Nxe5 dxe5 22. Rc5 f6 23. Rhc1 Ne7 24. Rxa5 Ra8 25. Rcc5 Kf7 26. Nf1 Ke6 27. Ne3 Rdb8 28. Nc4 Rxa5 29. Rxa5 Rb7 30. h4 Nc8 31. Rc5 Kd7 32. Ra5 Nd6 33. b3 Nb5 34. Ke3 Nc3 35. f4 exf4+ 36. Kxf4 Ke6 37. Ra6 Rc7 38. d4 Ke7 39. g4 Ne2+ 40. Ke3 Nc3 41. g5 fxg5 42. hxg5 Kd7 43. Ne5+ Kd6 44. Nd3 Rb7 45. e5+ Kc7 46. Nc5 Nd5+ 47. Ke4 Rb8 48. Ra7+ Kb6 49. Rxh7 Ra8 50. Na4+ Kb5 51. e6 Nc3+ 52. Ke5 Nxa4 53. bxa4+ Rxa4 54. e7 Rxa2 55. Kd6 Re2 56. Rh8 Kc4 57. e8=Q Rxe8 58. Rxe8 Kxd4 59. Kxc6 b3 60. Rb8 Kc3 61. Kd6 1-0

[Event "January 9 Early 2024"]
[Site "https://www.chess.com"]
[Date "2024.01.11"]
[Round "5"]
[White "Pogorelskikh, Sofia"]
[Black "Poddubnyi, Viktor"]
[Result "0-1"]
[Board "148"]
[TimeControl "180+1"]
[WhiteFideId "44164548"]
[BlackFideId "4141989"]
[WhiteElo "2274"]
[BlackElo "2430"]
[WhiteTeam "SRB"]
[BlackTeam "RUS"]
[WhiteClock "0:00:03"]
[BlackClock "0:00:43"]

1. e4 g6 2. d4 Bg7 3. Nc3 d6 4. Be3 a6 5. Qd2 b5 6. a3 Bb7 7. h4 h5 8. f3 Nf6 9. Nh3 Nbd7 10. Ng5 e6 11. Be2 Qe7 12. O-O-O Nb6 13. Kb1 O-O-O 14. g4 c5 15. Qe1 hxg4 16. fxg4 b4 17. axb4 cxb4 18. Na2 Nxe4 19. Bf3 Nxg5 20. Bxb7+ Qxb7 21. Bxg5 Rd7 22. Qxb4 Kb8 23. Bf4 Nd5 24. Qxb7+ Kxb7 25. Bd2 Bxd4 26. Nb4 Nxb4 27. Bxb4 Be5 28. h5 gxh5 29. gxh5 f5 30. Rdg1 Rdh7 31. Rg6 Rh6 32. Rg7+ Kc6 33. Ra7 Kb6 34. Rd7 Rxh5 35. Rd1 Rh1 36. Kc1 Bf4+ 37. Bd2 Rxd1+ 38. Kxd1 Rh1+ 39. Be1 Bg3 0-1

[Event "January 9 Early 2024"]
[Site "https://www.chess.com"]
[Date "2024.01.11"]
[Round "5"]
[White "Gonzalez Vega, Alejandro"]
[Black "Vila Dupla, Aurelio"]
[Result "1-0"]
[Board "149"]
[TimeControl "180+1"]
[WhiteFideId "3510042"]
[BlackFideId "2203383"]
[WhiteElo "2270"]
[BlackElo "2171"]
[WhiteTeam "CUB"]
[BlackTeam "ESP"]
[WhiteClock "0:00:21"]
[BlackClock "0:00:02"]

1. e4 c5 2. Nf3 d6 3. d4 cxd4 4. c3 dxc3 5. Nxc3 Nc6 6. Bc4 e6 7. O-O a6 8. Qe2 Be7 9. Rd1 Bd7 10. Bf4 e5 11. Be3 Nf6 12. h3 O-O 13. Rac1 b5 14. Bb3 Na5 15. Bc2 Qb8 16. Bb1 Be6 17. b3 b4 18. Nd5 Bxd5 19. exd5 Rc8 20. Rxc8+ Qxc8 21. Nh2 Qb7 22. Ng4 Nxg4 23. Qxg4 Rc8 24. h4 Bf8 25. h5 Qb8 26. Bh6 g6 27. Bd2 Nb7 28. hxg6 hxg6 29. Bxb4 Nc5 30. Bd2 Qc7 31. Rc1 Rd8 32. b4 Qd7 33. Qc4 Nb7 34. Qxa6 Rb8 35. Qc6 Qxc6 36. dxc6 1-0

[Event "January 9 Early 2024"]
[Site "https://www.chess.com"]
[Date "2024.01.11"]
[Round "5"]
[White "Onufrienko, Vladislav"]
[Black "Martinez, Shawn"]
[Result "0-1"]
[Board "150"]
[TimeControl "180+1"]
[WhiteFideId "13804332"]
[BlackFideId "2039770"]
[WhiteElo "2595"]
[BlackElo "2449"]
[WhiteTeam "KGZ"]
[BlackTeam "USA"]
[WhiteClock "0:00:06"]
[BlackClock "0:00:26"]

1. e4 c5 2. g4 d5 3. Nc3 dxe4 4. Nxe4 e5 5. Bc4 Nc6 6. d3 Be7 7. Be3 b6 8. Qf3 Be6 9. Bxe6 fxe6 10. O-O-O Qd7 11. Ne2 Nf6 12. g5 Nd5 13. Kb1 O-O-O 14. Qh3 Nd4 15. N2c3 Nb4 16. Rd2 Nf5 17. a3 Nc6 18. Qg2 Kb8 19. h4 g6 20. h5 Ncd4 21. Rdd1 Qc6 22. Qh2 Nf3 23. Qg2 N3d4 24. Qh2 Bd6 25. hxg6 hxg6 26. Qxh8 Rxh8 27. Rxh8+ Kb7 28. Rdh1 c4 29. a4 Ka6 30. R1h7 cxd3 31. cxd3 Bb4 32. Rf8 Bxf8 33. Rf7 Bb4 34. Bd2 Nb3 35. Be1 Bxc3 36. Bxc3 Qxa4 37. Kc2 Nc5+ 38. Kd2 Nxe4+ 39. dxe4 Qxe4 0-1

[Event "January 9 Early 2024"]
[Site "https://www.chess.com"]
[Date "2024.01.11"]
[Round "5"]
[White "Joie, Sebastien"]
[Black "Latreche, Khadidja"]
[Result "0-1"]
[Board "151"]
[TimeControl "180+1"]
[WhiteFideId "650420"]
[BlackFideId "7901780"]
[WhiteElo "2436"]
[BlackElo "2144"]
[WhiteTeam "FRA"]
[BlackTeam "ALG"]
[WhiteClock "0:00:01"]
[BlackClock "0:00:23"]

1. d4 Nf6 2. c4 d6 3. Nc3 Nbd7 4. e4 e5 5. d5 c6 6. Bd3 Qc7 7. Nge2 g6 8. O-O Bg7 9. Ng3 cxd5 10. cxd5 a6 11. f4 exf4 12. Bxf4 O-O 13. Kh1 Nc5 14. Be2 Qb6 15. e5 dxe5 16. Bxe5 Re8 17. Bd4 Qd6 18. b4 Nce4 19. Ngxe4 Nxe4 20. Bxg7 Kxg7 21. Nxe4 Rxe4 22. Bf3 Rxb4 23. Qd2 Bf5 24. Rae1 Rc8 25. Qg5 f6 26. Qe3 Rc7 27. Re2 Qf4 28. Qe8 Qd6 29. Rfe1 Rb1 30. Rxb1 Bxb1 31. g3 Bd3 32. Re3 Rc1+ 33. Kg2 Rc2+ 34. Kh3 Bf1+ 35. Kg4 h5+ 0-1

[Event "January 9 Early 2024"]
[Site "https://www.chess.com"]
[Date "2024.01.11"]
[Round "5"]
[White "Pourkashiyan, Atousa"]
[Black "Nikulina, Alena"]
[Result "1-0"]
[Board "152"]
[TimeControl "180+1"]
[WhiteFideId "12502014"]
[BlackFideId "4172051"]
[WhiteElo "2482"]
[BlackElo "2123"]
[WhiteTeam "USA"]
[BlackTeam "RUS"]
[WhiteClock "0:00:57"]
[BlackClock "0:00:07"]

1. d4 d5 2. c4 dxc4 3. Nf3 Nf6 4. Qa4+ c6 5. Qxc4 Be6 6. Qc2 g6 7. Nc3 Bg7 8. e4 O-O 9. Be2 Nbd7 10. O-O Nb6 11. b3 a5 12. Rd1 Bg4 13. Be3 Qc8 14. Rac1 h5 15. Qb2 a4 16. d5 Nbxd5 17. exd5 Nxd5 18. Nxd5 Bxb2 19. Nxe7+ Kh7 20. Nxc8 Bxc1 21. Nb6 Bxe3 22. Nxa8 Bxf2+ 23. Kxf2 Rxa8 24. Ng5+ Kg7 25. Bxg4 hxg4 26. Rd7 Kf6 27. Ne4+ Ke5 28. Ke3 f5 29. Nc3 axb3 30. axb3 Ra3 31. Rxb7 f4+ 32. Kd3 f3 33. gxf3 gxf3 34. Ke3 Ra8 35. Kxf3 Kd4 36. Ne2+ Kd5 37. Nf4+ Kc5 38. Nxg6 Rg8 39. Nf4 Rh8 40. h3 Rf8 41. h4 Kd6 42. h5 c5 43. h6 Kc6 44. Rg7 Kb5 45. h7 Rh8 46. Ng6 Rb8 47. h8=Q Rxh8 48. Nxh8 Kb4 49. Rb7+ 1-0

[Event "January 9 Early 2024"]
[Site "https://www.chess.com"]
[Date "2024.01.11"]
[Round "5"]
[White "Arun, Siddharth"]
[Black "Kuhn, Clement"]
[Result "0-1"]
[Board "153"]
[TimeControl "180+1"]
[WhiteFideId "2079178"]
[BlackFideId "36099775"]
[WhiteElo "2317"]
[BlackElo "2568"]
[WhiteTeam "USA"]
[BlackTeam "FRA"]
[WhiteClock "0:00:10"]
[BlackClock "0:00:35"]

1. d4 Nf6 2. Nc3 d5 3. Bf4 g6 4. e3 Bg7 5. Nb5 Na6 6. h3 O-O 7. Be2 c6 8. Nc3 Nc7 9. Nf3 Ne6 10. Be5 Nd7 11. Bxg7 Kxg7 12. O-O f5 13. b4 Qc7 14. Qd3 h6 15. a4 Ng5 16. Nxg5 hxg5 17. f4 gxf4 18. Rxf4 e5 19. dxe5 Qxe5 20. Raf1 Nf6 21. Qd4 Qxd4 22. exd4 Bd7 23. g4 g5 24. R4f2 fxg4 25. hxg4 Nxg4 26. Bxg4 Bxg4 27. b5 Rxf2 28. Rxf2 Kg6 29. a5 Rc8 30. b6 axb6 31. axb6 Ra8 32. Rg2 Bf5 33. Re2 Ra6 34. Re7 Rxb6 35. Na4 Rb1+ 36. Kf2 Bxc2 37. Nc5 b6 38. Nd7 b5 39. Re6+ Kf7 40. Rxc6 Be4 41. Ne5+ Kg7 42. Kg3 b4 43. Kg4 b3 44. Kxg5 Rg1+ 45. Kf4 b2 46. Rc7+ Kf6 47. Rf7+ Ke6 0-1

[Event "January 9 Early 2024"]
[Site "https://www.chess.com"]
[Date "2024.01.11"]
[Round "5"]
[White "Sailer, Mike"]
[Black "Kuznecova, Marija"]
[Result "1-0"]
[Board "154"]
[TimeControl "180+1"]
[WhiteFideId "2012901"]
[BlackFideId "11618736"]
[WhiteElo "2212"]
[BlackElo "2381"]
[WhiteTeam "USA"]
[BlackTeam "LAT"]
[WhiteClock "0:00:10"]
[BlackClock "0:00:07"]

1. d4 Nf6 2. Bg5 Ne4 3. Bf4 d5 4. f3 Nf6 5. Nc3 Bf5 6. g4 Bg6 7. h4 h6 8. e3 e6 9. Bd3 Bxd3 10. Qxd3 Bd6 11. Nge2 Nc6 12. O-O-O Qe7 13. g5 Nh5 14. gxh6 Nxf4 15. Nxf4 Rxh6 16. h5 O-O-O 17. Rdg1 Bxf4 18. exf4 Qf6 19. Rg4 Nxd4 20. Rhg1 Rxh5 21. Rxg7 Qxf4+ 22. Kb1 Nxf3 23. Rd1 Rdh8 24. a3 Rh2 25. b3 Nd2+ 26. Ka2 Qe5 27. Rxf7 Qg5 28. Nb5 c6 29. Nxa7+ Kb8 30. Nxc6+ bxc6 31. Qa6 1-0

[Event "January 9 Early 2024"]
[Site "https://www.chess.com"]
[Date "2024.01.11"]
[Round "5"]
[White "Derjabin, Ilja"]
[Black "Luukkonen, Tommi"]
[Result "1-0"]
[Board "155"]
[TimeControl "180+1"]
[WhiteFideId "14104768"]
[BlackFideId "501808"]
[WhiteElo "2530"]
[BlackElo "2314"]
[WhiteTeam "UKR"]
[BlackTeam "FIN"]
[WhiteClock "0:00:13"]
[BlackClock "0:00:17"]

1. d4 g6 2. c4 Bg7 3. e4 d6 4. Nc3 Nf6 5. Nge2 O-O 6. Ng3 c5 7. d5 e6 8. Be2 h5 9. Bg5 exd5 10. cxd5 a6 11. a4 Nbd7 12. O-O Qe8 13. f4 Nh7 14. Bh4 Bd4+ 15. Kh1 f6 16. Nxh5 gxh5 17. Bxh5 Qe7 18. Ra3 Kh8 19. e5 dxe5 20. f5 Nb6 21. Bg6 Bd7 22. d6 Qg7 23. Qh5 Nc4 24. Rb3 b5 25. Ne4 Bc6 26. Nxf6 Be8 27. Rh3 Bxg6 28. fxg6 Ra7 29. Rff3 e4 30. Nxh7 1-0

[Event "January 9 Early 2024"]
[Site "https://www.chess.com"]
[Date "2024.01.11"]
[Round "5"]
[White "Kjartansson, David"]
[Black "Teillet, Benoit"]
[Result "1-0"]
[Board "156"]
[TimeControl "180+1"]
[WhiteFideId "2301130"]
[BlackFideId "616591"]
[WhiteElo "2422"]
[BlackElo "2263"]
[WhiteTeam "ISL"]
[BlackTeam "FRA"]
[WhiteClock "0:00:21"]
[BlackClock "0:00:17"]

1. e4 d6 2. d4 Nf6 3. Nc3 g6 4. f4 Bg7 5. Nf3 O-O 6. e5 dxe5 7. fxe5 Nd5 8. Bc4 Nb6 9. Bb3 Bg4 10. Be3 e6 11. Qd2 a5 12. a4 Na6 13. O-O-O Nd5 14. Nxd5 exd5 15. Qxa5 b6 16. Qxd5 Qe7 17. Qc4 h6 18. h3 Be6 19. d5 Bf5 20. g4 Bc8 21. Bf4 Nc5 22. d6 cxd6 23. exd6 Qa7 24. Be5 Be6 25. Qc3 Nxb3+ 26. cxb3 Rfc8 27. Bxg7 Rxc3+ 28. Bxc3 Bxb3 29. Rd4 Qd7 30. Ne5 Qe6 31. Re1 Bxa4 32. d7 Qb3 33. d8=Q+ Rxd8 34. Rxd8+ Kh7 35. Kd2 Qc2+ 36. Ke3 g5 37. Nd3 Qg2 38. Be5 Bc6 39. Re2 Qf3+ 40. Kd2 h5 41. Rf2 Qxh3 42. Rxf7+ Kg6 43. Rg7+ Kh6 44. Rh8# 1-0

[Event "January 9 Early 2024"]
[Site "https://www.chess.com"]
[Date "2024.01.11"]
[Round "5"]
[White "Chernomordik, Pavel"]
[Black "Kashefi, Amir Hosein"]
[Result "1-0"]
[Board "157"]
[TimeControl "180+1"]
[WhiteFideId "2804530"]
[BlackFideId "12557935"]
[WhiteElo "2454"]
[BlackElo "2604"]
[WhiteTeam "ISR"]
[BlackTeam "IRI"]
[WhiteClock "0:00:22"]
[BlackClock "0:00:01"]

1. e4 c6 2. Nc3 d5 3. Nf3 dxe4 4. Nxe4 Nd7 5. Qe2 Ndf6 6. Nc3 Bg4 7. b3 Nd5 8. Qe4 Ngf6 9. Qe2 e6 10. h3 Bh5 11. Bb2 Qa5 12. O-O-O Nxc3 13. dxc3 Qxa2 14. g4 Bg6 15. Nd4 Ne4 16. Bg2 Ba3 17. Bxe4 Bxb2+ 18. Kd2 Rd8 19. Bxg6 hxg6 20. Ke3 Bxc3 21. Nxe6 Rxd1 22. Rxd1 Qa5 23. Rd8+ Ke7 24. Rxh8 fxe6 25. Kf3 Qd5+ 26. Qe4 a5 27. Rb8 b5 28. Rb7+ Kd6 29. Qxd5+ exd5 30. Kf4 Bd4 31. Kg5 Bxf2 32. Rxg7 1-0

[Event "January 9 Early 2024"]
[Site "https://www.chess.com"]
[Date "2024.01.11"]
[Round "5"]
[White "Fernandez Hernandez, Gerardo"]
[Black "Yelisieiev, Yevhenii"]
[Result "0-1"]
[Board "158"]
[TimeControl "180+1"]
[WhiteFideId "2207400"]
[BlackFideId "14139642"]
[WhiteElo "2309"]
[BlackElo "2518"]
[WhiteTeam "ESP"]
[BlackTeam "GER"]
[WhiteClock "0:00:02"]
[BlackClock "0:00:16"]

1. e4 d6 2. d3 Nf6 3. g3 e5 4. Bg2 Be7 5. Nc3 O-O 6. Nf3 c6 7. O-O b5 8. a4 b4 9. Ne2 a5 10. c3 Na6 11. d4 exd4 12. Nfxd4 Bb7 13. Nf5 Nc5 14. Ned4 Ncxe4 15. Bxe4 Nxe4 16. Qg4 g6 17. Nh6+ Kh8 18. Qxe4 Qd7 19. Re1 Rae8 20. Nf3 f5 21. Qd3 c5 22. Bg5 Bxf3 23. Bxe7 Be4 24. Rxe4 fxe4 25. Qxe4 Qxe7 26. Qd3 Qg5 27. Qxd6 Qxh6 28. Qxc5 bxc3 29. Qxc3+ Qg7 30. Qxa5 Re2 31. Qb5 Rfxf2 32. Rc1 Rg2+ 33. Kh1 Rxh2+ 34. Kg1 Reg2+ 35. Kf1 Qf6+ 36. Ke1 Rg1+ 0-1

[Event "January 9 Early 2024"]
[Site "https://www.chess.com"]
[Date "2024.01.11"]
[Round "5"]
[White "Thake, Conrad"]
[Black "De Pablo Pena, Miguel Angel"]
[Result "1-0"]
[Board "159"]
[TimeControl "180+1"]
[WhiteFideId "5602947"]
[BlackFideId "2219123"]
[WhiteElo "1850"]
[BlackElo "2155"]
[WhiteTeam "MLT"]
[BlackTeam "ESP"]
[WhiteClock "0:00:15"]
[BlackClock "0:00:11"]

1. c4 Nf6 2. Nc3 d6 3. g3 g6 4. Bg2 Bg7 5. e4 O-O 6. d4 Nbd7 7. Nge2 c5 8. O-O cxd4 9. Nxd4 Nc5 10. b4 Ne6 11. Nce2 Qb6 12. Be3 Qxb4 13. Qc2 Bd7 14. Rab1 Qa5 15. Rxb7 Nc5 16. Nb3 Qa4 17. Bxc5 Qa6 18. e5 dxe5 19. Bxe7 Rfe8 20. Bxf6 Qxf6 21. Rxd7 Rab8 22. Bd5 Rf8 23. f4 e4 24. Ned4 Qb6 25. Kh1 Bxd4 26. Nxd4 Qxd4 27. Qxe4 Qxe4+ 28. Bxe4 Rfe8 29. Bd5 Rf8 30. Re1 Rb2 31. Ree7 Rb1+ 32. Kg2 Rb2+ 33. Kh3 h6 34. Rxf7 Rxf7 35. Rxf7 Kh8 36. Rxa7 Rb6 37. a4 Rd6 38. a5 Rd8 39. a6 Rb8 40. Rb7 Rc8 41. a7 g5 42. Rb8 g4+ 43. Kxg4 1-0

[Event "January 9 Early 2024"]
[Site "https://www.chess.com"]
[Date "2024.01.11"]
[Round "5"]
[White "Sanal, Vahap"]
[Black "Dyachuk, Artem"]
[Result "1-0"]
[Board "160"]
[TimeControl "180+1"]
[WhiteFideId "6300545"]
[BlackFideId "34107924"]
[WhiteElo "2929"]
[BlackElo "2707"]
[WhiteTeam "TUR"]
[BlackTeam "UKR"]
[WhiteClock "0:00:37"]
[BlackClock "0:00:02"]

1. e4 c5 2. Nc3 d6 3. Bb5+ Nc6 4. Bxc6+ bxc6 5. d3 Nf6 6. f4 g6 7. Nf3 Bg7 8. O-O O-O 9. Qe1 Bg4 10. Kh1 Rb8 11. b3 Nd7 12. Bd2 Re8 13. Qh4 Bxf3 14. Rxf3 c4 15. dxc4 Nc5 16. Re1 Ne6 17. Rh3 h5 18. f5 Nd4 19. g4 e6 20. Bg5 f6 21. Bd2 exf5 22. gxf5 Qd7 23. Rg1 g5 24. Qxh5 Qf7 25. Qxf7+ Kxf7 26. Rc1 Rh8 27. Rd3 c5 28. Kg2 Rh4 29. Be1 Rh5 30. Bg3 Rd8 31. Nb5 g4 32. Nxd4 cxd4 33. Rxd4 Ke7 34. Rcd1 Bf8 35. Rxd6 Rxd6 36. Bxd6+ Kf7 37. Bxf8 Kxf8 38. c5 a5 39. c6 g3 40. hxg3 Ke7 41. c7 Rh8 42. Rd8 a4 43. Rxh8 Kd6 44. c8=Q a3 45. Rd8+ Ke7 46. Qd7# 1-0